 Dungeon Crawl Stone Soup version 0.21.1-1-g345015f (webtiles) character file.

3520 Hebeh the Slicer (level 9, -1/74 HPs)
             Began as a Deep Dwarf Fighter on June 17, 2018.
             Was an Initiate of Makhleb.
             Slain by an ice beast (17 damage)
             ... on level 8 of the Dungeon.
             The game lasted 00:27:19 (5610 turns).

Hebeh the Slicer (Deep Dwarf Fighter)               Turns: 5610, Time: 00:27:20

Health: -1/74      AC:  8    Str: 22      XL:     9   Next: 81%
Magic:  0/0        EV:  6    Int: 10      God:    Makhleb [......]
Gold:   347        SH:  7    Dex: 11 (12) Spells: 8/8 levels left

rFire    + . .     SeeInvis .   D - +0 short sword (drain)
rCold    x . .     Gourm    .   c - +0 shield
rNeg     . . .     Faith    .   b - +0 scale mail
rPois    .         Spirit   .   j - +0 helmet
rElec    .         Reflect  .   (no cloak)
rCorr    .         Harm     .   (no gloves)
MR       +....                  u - +0 pair of boots
Stlth    ..........             (no amulet)
HPRegen  0.00/turn              p - ring of fire
MPRegen  0.07/turn              (no ring)

@: non-regenerating, very heavily drained
A: damage resistance, heal wounds, deterioration 1, sense surroundings 2, no
regeneration
a: Heal Wounds, Renounce Religion


You were on level 8 of the Dungeon.
You worshipped Makhleb.
Makhleb was noncommittal.
You were not hungry.

You visited 2 branches of the dungeon, and saw 9 of its levels.

You collected 347 gold pieces.

Inventory:

Hand Weapons
 s - a +0 flail of protection
 v - a +0 broad axe
 y - the +9 dagger "Widowmaker" {freeze, *Contam *Drain rPois Int+9}
   (You found it on level 4 of the Dungeon)

   It has been specially enchanted to freeze those struck by it, causing extra
   injury to most foes and up to half again as much damage against particularly
   susceptible opponents.
   It can also slow down cold-blooded creatures.
   It affects your intelligence (+9).
   It protects you from poison.
   It causes magical contamination when unequipped.
   It causes draining when unequipped.
 D - a +0 short sword of draining (weapon)
 G - a +0 whip of freezing
Missiles
 H - 8 javelins (quivered)
Armour
 b - a +0 scale mail (worn)
 c - a +0 shield (worn)
 j - a +0 helmet (worn)
 u - a +0 pair of boots (worn)
Jewellery
 p - a ring of fire (left hand)
Wands
 m - a wand of clouds (5)
 r - a wand of flame (30)
 w - a wand of scattershot (4)
 F - a wand of random effects (10)
Scrolls
 a - 2 scrolls of noise {unknown}
 g - 6 scrolls of remove curse
 h - 5 scrolls of magic mapping {unknown}
 k - 2 scrolls of blinking
 l - 2 scrolls of random uselessness {unknown}
 n - 5 scrolls of teleportation
 o - 2 scrolls of enchant weapon {unknown}
 q - 2 scrolls of immolation {unknown}
 t - 2 scrolls of identify
 E - a scroll of fog {unknown}
Potions
 d - 2 potions of might
 e - a potion of haste
 i - a potion of heal wounds
 x - 2 potions of lignification {unknown}
 z - 4 potions of curing
 A - a potion of flight {unknown}
 B - 3 potions of invisibility {unknown}
Comestibles
 f - 23 rations


   Skills:
 - Level 2.7(0.0) Fighting
 + Level 10.8(4.9) Short Blades
 - Level 8.4(2.9) Axes
 - Level 3.3(0.0) Armour
 - Level 3.3(0.0) Shields


You had 8 spell levels left.
You didn't know any spells.

Dungeon Overview and Level Annotations

Branches:
Dungeon (8/15)             Temple (1/1) D:7
   Lair: D:8-11

Altars:
Ashenzari
Cheibriados
Dithmenos
Elyvilon
Fedhas
Gozag
Hepliaklqana
Kikubaaqudgha
Makhleb
Nemelex Xobeh
Okawaru
Qazlal
Ru
Uskayaw
Vehumet
Wu Jian
Xom
Yredelemnul
Zin
The Shining One


Innate Abilities, Weirdness & Mutations

You are resistant to damage.
You can heal yourself by infusing magical energy.
You passively map the area around you.
You do not regenerate.
Your body sometimes deteriorates upon taking damage.


Message History

The wight hits you with an enchanted mace.
You don't have enough innate magic capacity.
Unknown command.
You don't have enough innate magic capacity.
Unknown command.
You don't have enough innate magic capacity.
Your shield and scale mail prevent you from hitting the wight.
The wight is severely damaged.
The bullfrog hits you. You block the iguana's attack.
The ice beast hits you but does no damage.
The wight hits you with a dagger. The wight hits you with a falchion.
You hit the wight.
The wight is almost destroyed.
The bullfrog barely misses you.
The wight hits you with an enchanted mace!
The gnoll barely misses you. The iguana bites you!
* * * LOW HITPOINT WARNING * * *
The bullfrog hits you. The ice beast hits you. The ice beast freezes you!!
You feel a terrible chill!
You die...

* #..........., ,
* , #........... ,
** , #.........##
, + #........... *
#...<....## ,
###........./.
#...........#., ,*
**,#.Ylz.........
, , * *
,#.(@F.......## ,*
*
#...(gzz.........
* ,
....#..........###
* * ,
#.............## ,
, ........###...#
* ....(....* ...#
......... .## * ,
.........,, # * *
,,, , , ,,*


You could see an ice beast, a bullfrog, an iguana, 3 wights and a gnoll.

Vanquished Creatures
  Pikel (D:7)
  Sigmund (D:6)
  Eustachio (D:4)
  Edmund (D:4)
  A water moccasin (D:6)
  Duvessa (D:4)
  2 sky beasts (D:6)
  2 orc warriors
  An ice beast (D:6)
  2 ogres (D:4)
  A centaur (D:8)
  2 phantoms (D:7)
  Blork the orc (D:5)
  2 bullfrogs (D:6)
  2 gnoll sergeants
  A water moccasin zombie (D:4)
  2 scorpions
  A water moccasin skeleton (D:4)
  Dowan (D:4)
  A howler monkey (D:5)
  2 crimson imps
  A quasit (D:6)
  2 hounds
  3 orc priests (D:5)
  3 jellies
  A bullfrog skeleton (D:5)
  2 worker ants
  4 orc wizards
  2 hound skeletons
  A howler monkey zombie (D:6)
  A worker ant zombie (D:5)
  10 adders
  11 gnolls
  A howler monkey skeleton (D:6)
  A shadow imp (D:6)
  3 adder skeletons
  7 worms
  A dart slug (D:1)
  2 leopard geckos (D:6)
  21 orcs
  3 ball pythons
  8 giant cockroaches
  10 goblins
  7 hobgoblins
  3 jackals (D:6)
  2 quokkas (D:2)
  4 bats
  5 frilled lizards
  4 kobolds
  A leopard gecko zombie (D:4)
  2 quokka skeletons (D:4)
  A quokka zombie (D:4)
  9 rats
165 creatures vanquished.

Vanquished Creatures (others)
  A slave (D:7)
  A gnoll (D:8)
  An orc (D:7)
3 creatures vanquished.

Grand Total: 168 creatures vanquished

Notes
Turn   | Place    | Note
-------+----------+-------------------------------------------
     0 | D:1      | Hebeh the Deep Dwarf Fighter began the quest for the Orb.
     0 | D:1      | Reached XP level 1. HP: 20/20 MP: 1/1
   174 | D:1      | Reached XP level 2. HP: 27/27 MP: 2/2
   639 | D:2      | Reached XP level 3. HP: 30/33 MP: 3/3
   684 | D:2      | Found a hide-covered altar of Uskayaw.
   689 | D:2      | Found an ancient bone altar of Kikubaaqudgha.
  1220 | D:2      | Reached XP level 4. HP: 33/40 MP: 4/4
  1376 | D:2      | Found a stormy altar of Qazlal.
  1481 | D:3      | Found a faded altar of an unknown god.
  1594 | D:3      | Reached skill level 5 in Axes
  1634 | D:3      | Found a sacrificial altar of Ru.
  1781 | D:3      | Found a glowing silver altar of Zin.
  1872 | D:3      | Reached XP level 5. HP: 31/46 MP: 4/4
  2198 | D:4      | Noticed Edmund
  2224 | D:4      | Killed Edmund
  2224 | D:4      | Reached XP level 6. HP: 35/55 MP: 5/5
  2389 | D:4      | Noticed Eustachio
  2436 | D:4      | Killed Eustachio
  2436 | D:4      | Reached XP level 7. HP: 31/61 MP: 6/6
  2475 | D:4      | Got a scorched dagger
  2476 | D:4      | Identified the +9 dagger "Widowmaker" {freeze, *Contam *Drain rPois Int+9} (You found it on level 4 of the Dungeon)
  2495 | D:4      | Noticed Dowan
  2498 | D:4      | Reached skill level 1 in Short Blades
  2503 | D:4      | Killed Dowan
  2503 | D:4      | Reached skill level 2 in Short Blades
  2607 | D:4      | Reached skill level 3 in Short Blades
  2890 | D:4      | Noticed Duvessa
  2903 | D:4      | Killed Duvessa
  2903 | D:4      | Reached skill level 4 in Short Blades
  2998 | D:5      | Entered Level 5 of the Dungeon
  3012 | D:5      | Reached XP level 8. HP: 43/68 MP: 5/5
  3076 | D:5      | Reached skill level 5 in Short Blades
  3124 | D:5      | Noticed Blork the orc
  3140 | D:5      | Killed Blork the orc
  3150 | D:5      | Reached skill level 6 in Short Blades
  3183 | D:5      | Found a sparkling altar of Nemelex Xobeh.
  3416 | D:5      | Found an ornate altar of the Wu Jian Council.
  3506 | D:5      | Found a blossoming altar of Fedhas.
  3858 | D:5      | Found a snail-covered altar of Cheibriados.
  4066 | D:6      | Noticed Sigmund
  4083 | D:6      | Reached skill level 7 in Short Blades
  4097 | D:6      | Killed Sigmund
  4168 | D:6      | Reached skill level 8 in Short Blades
  4266 | D:6      | Gained mutation: You passively map the area around you. [Deep Dwarf growth]
  4266 | D:6      | Reached XP level 9. HP: 67/74 MP: 4/4
  4339 | D:6      | Gained mutation: Your body sometimes deteriorates upon taking damage. [mutagenic glow]
  4424 | D:6      | Reached skill level 9 in Short Blades
  4749 | D:7      | Found a hazy altar of Hepliaklqana.
  4857 | D:7      | Noticed Pikel
  4889 | D:7      | Killed Pikel
  4889 | D:7      | Reached skill level 10 in Short Blades
  5109 | D:7      | Found a staircase to the Ecumenical Temple.
  5115 | Temple   | Entered the Ecumenical Temple
  5193 | Temple   | Became a worshipper of Makhleb the Destroyer
  5413 | D:7      | Found a glowing golden altar of the Shining One.
  5413 | D:7      | Found a basalt altar of Yredelemnul.
  5610 | D:8      | Slain by an ice beast

Skill      XL: |  1  2  3  4  5  6  7  8  9 |
---------------+----------------------------+-----
Axes           | 3 4 5 6 8 |  8.4
Short Blades   | 4 8 10 | 10.8
Fighting       | |  2.7
Armour         | |  3.3
Shields        | |  3.3

Action                   |  1- 3 |  4- 6 |  7- 9 || total
-------------------------+-------+-------+-------++-------
Melee: War axe           |   151 |    86 |       ||   237
       Broad axe         |       |    81 |       ||    81
       Dagger            |       |       |   246 ||   246
       Short sword       |       |       |   277 ||   277
 Abil: Heal Wounds       |       |     4 |    33 ||    37
  Use: Scroll            |       |       |     5 ||     5
  Eat: Chunk             |     1 |     5 |    10 ||    16
Armor: Scale mail        |    74 |    91 |   234 ||   399
Dodge: Dodged            |    42 |    58 |   149 ||   249
Block: Shield            |    73 |    94 |   223 ||   390
